 Dungeon Crawl Stone Soup version 0.28.0 (webtiles) character file.

Game seed: 10573217841856608752

66 Illumine the Insei (level 3, 0/20 HPs)
             Began as a Deep Elf Transmuter on Feb 8, 2022.
             Slain by a gnoll (13 damage)
             ... on level 2 of the Dungeon.
             The game lasted 00:04:03 (1668 turns).

Illumine the Insei (Deep Elf Transmuter)            Turns: 1668, Time: 00:04:04

Health: 0/20       AC:  2    Str:  9    XL:     3   Next: 96%
Magic:  7/9        EV: 12    Int: 17    God:
Gold:   52         SH:  0    Dex: 15    Spells: 5/8 levels left

rFire   . . .      SeeInvis .     - Unarmed
rCold   . . .      Faith    .   (no shield)
rNeg    . . .      Spirit   .   a - +0 robe
rPois   .          Reflect  .   (helmet currently unavailable)
rElec   .          Harm     .   (no cloak)
rCorr   .          Rampage  .   (no gloves)
Will    .....                   (boots currently unavailable)
Stlth   +.........              g - amulet of regeneration
HPRegen 0.86/turn               (no ring)
MPRegen 0.11/turn               (no ring)

@: appendages (expiring), wereblooded (expiring)
A: horns 2, talons 2
a: End Transformation


You were on level 2 of the Dungeon.
You had temporarily grown beastly horns and talons.
You visited 1 branch of the dungeon, and saw 2 of its levels.

You collected 52 gold pieces.

Inventory:

Armour
 a - a +0 robe (worn)
 d - a +0 helmet (melded)
Jewellery
 g - an amulet of regeneration (around neck)
Scrolls
 b - a scroll of teleportation {unknown}
 c - a scroll of blinking {unknown}
 e - a scroll of amnesia {unknown}
 f - a scroll of magic mapping {unknown}


   Skills:
 - Level 0.7 Fighting
 - Level 2.4 Dodging
 * Level 4.0 Unarmed Combat
 - Level 3.0 Spellcasting
 - Level 2.1 Transmutations


You had 5 spell levels left.
You knew the following spells:

 Your Spells              Type           Power      Damage    Failure   Level
a - Beastly Appendage     Tmut           20%        N/A       7%          1
b - Wereblood             Tmut           10%        N/A       11%         2

Your spell library contained the following spells:

 Spells                   Type           Power      Damage    Failure   Level
 Spider Form              Tmut/Pois      6%         N/A       32%         3
 Ice Form                 Ice/Tmut       6%         N/A       73%         4


Dungeon Overview and Level Annotations

Branches:
Dungeon (2/15)

Altars:


Innate Abilities, Weirdness & Mutations

You have temporarily grown beastly horns and talons.


Message History

Confirm with . or Enter, or press ? or * to list all spells.
You grow a pair of large bovine horns.
Your feet morph into talons.
Your +0 helmet melds into your body.
Casting: Beastly Appendage (safe; 7% risk of failure)
Confirm with . or Enter, or press ? or * to list all spells.
Your blood is infused with primal strength.
You climb downwards.
There is a stone staircase leading up here.
You hit the gnoll. You punch the gnoll.
The gnoll is heavily wounded.
Your transformation is almost over.
The gnoll hits you with a +0 whip.
You hit the gnoll.
The gnoll is severely wounded.
The gnoll hits you with a +0 whip.
You closely miss the gnoll. You claw the gnoll, but do no damage.
The gnoll is severely wounded.
The gnoll barely misses you.
The gnoll shouts!
You hit the gnoll. You claw the gnoll, but do no damage.
The gnoll is severely wounded.
The gnoll closely misses you.
You hit the gnoll.
The gnoll is almost dead.
The gnoll completely misses you.
You closely miss the gnoll. You claw the gnoll, but do no damage.
The gnoll is almost dead.
You hit the gnoll.
You feel a bit better.
You kill the gnoll!
The gnoll hits you from afar with a +0 spear.
Your Unarmed Combat skill increases to level 4!
Your primal bloodlust is almost over.
The gnoll drinks a potion.
The gnoll seems to grow stronger.
Things that are here:
a +0 whip; a gnoll corpse You hit the gnoll.
You claw the gnoll, but do no damage.
The gnoll is moderately wounded.
The gnoll hits you with a +0 spear!
Ouch! That really hurt!
You die...

.## #.# #..##........# .#
#...##.###........# ....#
##......##.........#
###......................
.....###...####..........
#.......... #...#....#.##
...##......##.....#.#
#.#..#.### #.#####.#
#......#####@# #.#
##...#.....gg# #.#
#....######..## #.#
#.)..#####..# #.#
####....##..# #.#
####.#)..####.##
#........##..#
#.....#......#
#.........##.##


You could see 2 gnolls.

Vanquished Creatures
  2 gnolls (D:2)
  A worm (D:2)
  7 ball pythons
  7 bats
  2 endoplasms (D:2)
  A giant cockroach (D:2)
  4 goblins
  2 hobgoblins
  3 jackals (D:2)
  5 kobolds (D:1)
  A frilled lizard (D:2)
  6 rats
41 creatures vanquished.

Vanquished Creatures (others)
  61 plants (D:1)
61 creatures vanquished.

Grand Total: 102 creatures vanquished

Notes
Turn   | Place    | Note
-------+----------+-------------------------------------------
     0 | D:1      | Illumine the Deep Elf Transmuter began the quest for the
                  | Orb.
     0 | D:1      | Reached XP level 1. HP: 11/11 MP: 6/6
    74 | D:1      | Reached XP level 2. HP: 14/16 MP: 8/8
    77 | D:1      | Reached skill level 3 in Unarmed Combat
    93 | D:1      | Learned a level 2 spell: Wereblood
   411 | D:1      | Found a faded altar of an unknown god.
   940 | D:2      | Reached XP level 3. HP: 20/20 MP: 5/9
  1362 | D:2      | HP: 1/20 [gnoll (7)]
  1667 | D:2      | Reached skill level 4 in Unarmed Combat
  1668 | D:2      | Slain by a gnoll

Illustrated notes

Levels and vault maps discovered:
D:1:      dpeg_arrival_tiny_a, layout_rooms, ebering_ecumenical_altar_mist,
          serial_bayou, serial_bayou_pond_c, serial_bayou_pond_e,
          serial_bayou_lagoon_a, serial_bayou_lagoon_b
D:2:      layout_rooms

Skill      XL: |  1  2  3 |
---------------+----------+-----
Unarmed Combat | 3 4 |  4.0
Fighting       | |  0.7
Dodging        | |  2.4
Spellcasting   | |  3.0
Transmutations | |  2.1

Action                   || total
-------------------------++-------
Melee: Unarmed           ||    86
       Kick              ||    22
       Headbutt          ||     6
       Punch             ||     2
 Cast: Beastly Appendage ||    21
       Wereblood         ||     9
Armor: Robe              ||    16
Dodge: Dodged            ||    49
